Map: Ephemeron LE

Players

Mortlock - Winner!

  • Race: Terran Terran
  • League: Silver
  • Spawn Location: 5:00

A.I. 1 (Hard)

  • Race: Zerg Zerg
  • Spawn Location: 11:00

VOD

Have the link to the VOD?

Description

Time

  • Played on: Dec. 27, 2019, 10:44 p.m.
  • Length: 9:36
Show
View Real Time Build Order
Export as new Build Order

Mortlock Terran - Winner!

Build Orders:  

Get SALT Encoding   

  12  0:00  SCV  
  13  0:13  SCV  
  14  0:17  Supply Depot  
  14  0:25  SCV  
  15  0:39  SCV  
  15  0:41  Barracks  
  16  0:45  Refinery  
  16  0:51  SCV  
  17  1:03  SCV  
  18  1:15  SCV  
  19  1:29  Barracks Reactor  
  19  1:30  Orbital Command  
  19  1:42  Command Center  
  19  1:55  SCV  
  19  2:00  Supply Depot  
  20  2:06  Barracks  
  20  2:08  SCV  
  21  2:20  Barracks, SCV  
  22  2:26  Supply Depot  
  22  2:32  SCV  
  23  2:39  Marine  
  23  2:40  Marine  
  26  2:44  SCV  
  26  2:55  Barracks Tech Lab  
  26  2:56  SCV  
  26  2:57  Marine  
  26  2:58  Marine  
  29  2:59  Orbital Command  
  29  3:07  Supply Depot  
  29  3:08  SCV  
  30  3:14  Barracks Reactor  
  30  3:15  Stimpack  
  30  3:18  Marine  
  31  3:20  SCV  
  31  3:27  Factory  
  32  3:32  SCV  
  33  3:34  Refinery  
  33  3:37  SCV  
  34  3:41  Marine  
  34  3:44  Marine, SCV  
  34  3:46  Marine  
  38  3:52  SCV  
  39  3:56  SCV  
  39  4:02  Engineering Bay  
  40  4:06  Marine x4  
  40  4:07  Marine  
  45  4:13  Supply Depot  
  45  4:14  SCV  
  45  4:16  SCV  
  47  4:22  Starport  
  47  4:23  Factory Reactor  
  47  4:27  SCV  
  47  4:28  SCV  
  49  4:32  Marine x3  
  49  4:33  Marine  
  49  4:37  Terran Infantry Weapons Level 1  
  53  4:39  SCV  
  53  4:42  Supply Depot  
  54  4:49  Refinery  
  54  4:50  Refinery  
  54  4:51  SCV x2  
  56  4:53  Marine x3  
  56  4:54  Marine  
  56  4:55  Marine  
  56  4:59  Combat Shield  
  61  5:03  SCV  
  62  5:07  Supply Depot  
  62  5:09  Medivac  
  64  5:14  Medivac  
  64  5:21  SCV  
  67  5:23  SCV  
  67  5:25  Factory Tech Lab  
  68  5:33  SCV  
  68  5:35  SCV  
  70  5:38  Missile Turret  
  70  5:43  Missile Turret  
  70  5:46  Missile Turret  
  70  5:49  Missile Turret  
  70  5:52  Missile Turret  
  70  5:55  Siege Tank, Missile Turret  
  70  5:56  Medivac x2  
  77  5:58  Marine  
  77  5:59  Marine x3  
  77  6:00  Marine  
  82  6:06  Engineering Bay  
  82  6:15  Marine  
  83  6:21  Marine x3  
  86  6:30  Supply Depot  
  86  6:39  Marine x2, Barracks x2  
  82  6:45  Marine x3  
  77  6:57  Marine x2  
  77  7:01  Medivac x2  
  81  7:03  Marine x3  
  86  7:14  Marine x2  
  88  7:21  Marine x2  
  87  7:53  Marine x5  
  87  7:55  Medivac  
  94  8:06  Supply Depot  
  94  8:08  Supply Depot  
  94  8:10  Supply Depot  
  94  8:12  Supply Depot  
  94  8:27  Marine, Medivac x2  
  94  8:28  Siege Tank  
  94  8:29  Marine x2  
  94  8:30  Supply Depot  
  94  8:32  Supply Depot  
  94  8:33  Supply Depot  
  104  8:53  Barracks Reactor x2  
  104  9:00  Siege Tank  
  107  9:19  Missile Turret  
Show
View Real Time Build Order
Export as new Build Order

A.I. 1 (Hard) Zerg 

Build Orders: 1 Base Baneling Bust, Pool First, Muta Ling Bane, Zergling Baneling 

Get SALT Encoding   

  12  0:01  Drone  
  13  0:12  Overlord  
  13  0:16  Drone  
  14  0:30  Drone  
  14  0:32  Drone  
  16  0:42  Spawning Pool  
  16  0:45  Drone  
  16  0:50  Drone  
  16  0:52  Extractor  
  16  0:55  Drone  
  17  1:06  Overlord  
  17  1:31  Queen, Zergling x2  
  20  1:35  Zergling x2  
  20  1:38  Drone, Roach Warren  
  21  1:40  Extractor  
  20  1:49  Drone  
  20  1:53  Baneling Nest  
  20  1:59  Drone  
  21  2:10  Drone  
  22  2:21  Zergling x2  
  23  2:32  Drone  
  24  2:38  Overlord, Zergling x2  
  24  2:42  Baneling  
  24  2:43  Baneling, Zergling x2  
  26  2:47  Zergling x2  
  27  2:51  Baneling x2  
  27  2:54  Drone  
  28  3:05  Zergling x2  
  29  3:09  Zergling x2  
  29  3:10  Overlord  
  30  3:13  Zergling x2  
  30  3:18  Zergling x2  
  32  3:27  Zergling x2  
  32  3:31  Baneling  
  32  3:32  Baneling  
  33  3:38  Zergling x2  
  34  3:42  Baneling x2, Zergling x2  
  34  3:47  Baneling, Zergling x2  
  36  3:51  Zergling x2  
  36  3:52  Evolution Chamber  
  37  3:55  Zergling x2  
  37  4:01  Drone  
  38  4:13  Drone  
  38  4:14  Drone, Overlord  
  40  4:24  Drone  
  41  4:34  Drone  
  42  4:45  Drone  
  43  4:46  Drone  
  44  6:02  Metabolic Boost, Lair  
  44  6:03  Zerg Melee Weapons Level 1, Overlord  
  44  6:04  Evolution Chamber  
  44  6:10  Hatchery  
  43  6:11  Drone  
  43  6:30  Zerg Missile Weapons Level 1  
  43  6:39  Zergling x2  
  36  6:45  Zergling x2  
  31  6:52  Zergling x2  
  31  6:58  Zergling x2  
  31  7:00  Burrow, Centrifical Hooks  
  32  7:03  Spore Crawler  
  32  7:04  Spire  
  32  7:05  Baneling x2, Zergling x2  
  32  7:06  Drone  
  32  7:09  Roach, Drone  
  32  7:11  Drone  
  32  7:12  Drone  
  32  7:13  Roach  
  24  7:16  Drone  
  24  7:19  Zergling x2  
  15  7:28  Drone  
  15  7:29  Baneling  
  16  7:30  Drone  
  16  7:31  Drone  
  16  7:35  Zergling x2  
  16  7:37  Drone  
  17  7:50  Drone  
  11  7:54  Drone  
  10  8:09  Hatchery  
  9  8:15  Drone  
  9  8:17  Mutalisk  
  9  8:39  Drone  
  6  9:11  Drone  
  6  9:12  Drone  
Tags
 
Add a new tag
Caveats
  • Supply blocks, unpowered buildings, or Contaminate may cause inaccurate times.
  • Supply counts are checked every 10 seconds.